 Dungeon Crawl Stone Soup version 0.25-a0-566-g062765be81 (webtiles) character file.

Game seed: 12612865253107064817, levelgen mode: deterministic

186802 Flugslaktarn the Severer (level 17, -4/164 HPs)
             Began as a Deep Dwarf Fighter on Feb 27, 2020.
             Was the Champion of Makhleb.
             Splashed by an acid blob's acid (6 damage)
             ... created by the Royal Jelly
             ... on level 5 of the Pits of Slime.
             The game lasted 00:16:59 (15828 turns).

Flugslaktarn the Severer (Deep Dwarf Fighter)      Turns: 15828, Time: 00:17:00

Health: -4/164     AC: 23    Str: 25    XL:     17   Next: 15%
Magic:  6/6        EV:  6    Int: 11    God:    Makhleb [******]
Gold:   3717       SH: 14    Dex: 12    Spells: 16/16 levels left

rFire    . . .     SeeInvis .   U - +0 broad axe (freeze)
rCold    + . .     Gourm    .   l - +0 kite shield
rNeg     + . .     Faith    .   S - +0 crystal plate armour {rC+}
rPois    .         Spirit   .   K - +2 helmet
rElec    .         Reflect  .   L - scarf {repulsion}
rCorr    +         Harm     .   P - +2 pair of gloves
MR       ++...     Clarity  +   G - +2 pair of boots
Stlth    ..........             (no amulet)
HPRegen  0.00/turn              k - ring of resist corrosion
MPRegen  0.10/turn              j - +4 ring of slaying

@: corroded, non-regenerating, repel missiles
A: damage resistance, heal wounds, clarity, low mp 1, mutation resistance 1,
negative energy resistance 1, sense surroundings 2, no regeneration
}: 2/15 runes: decaying, serpentine
a: Heal Wounds, Minor Destruction, Lesser Servant of Makhleb, Major Destruction,
Greater Servant of Makhleb, Renounce Religion


You were on level 5 of the Pits of Slime.
You worshipped Makhleb.
Makhleb was exalted by your worship.
You were not hungry.

You visited 6 branches of the dungeon, and saw 31 of its levels.
You visited the Abyss 2 times.
You also visited: Bailey and Ice Cave.

You collected 3717 gold pieces.

Inventory:

Hand Weapons
 a - a +0 vorpal war axe
 y - a +4 hand axe of freezing
   (You took it off a wight on level 7 of the Dungeon)
 U - a +0 broad axe of freezing (weapon)
   (You took it off a naga warrior on level 4 of the Snake Pit)
Missiles
 D - a throwing net (quivered)
Armour
 l - a +0 kite shield (worn)
 G - a +2 pair of boots (worn)
   (You found it on level 5 of the Dungeon)
 K - a +2 helmet (worn)
   (You found it on level 11 of the Dungeon)
 L - a scarf of repulsion (worn)
   (You found it on level 3 of the Dungeon)
 P - a +2 pair of gloves (worn)
   (You found it on level 1 of the Snake Pit)
 S - a +0 crystal plate armour of cold resistance (worn)
   (You found it in an ice cave)
Jewellery
 c - an uncursed ring of protection from cold
   (You found it on level 4 of the Dungeon)
 f - an uncursed ring of protection from fire
   (You found it on level 4 of the Lair of Beasts)
 i - an uncursed ring of see invisible
   (You found it on level 5 of the Lair of Beasts)
 j - a +4 ring of slaying (right hand)
   (You found it on level 5 of the Dungeon)
 k - a ring of resist corrosion (left hand)
   (You found it on level 2 of the Abyss)
 o - an uncursed ring of poison resistance
   (You found it on level 5 of the Lair of Beasts)
 p - a +4 ring of protection
   (You found it on level 4 of the Dungeon)
 W - a +3 ring of slaying
   (You found it on level 1 of the Abyss)
Wands
 v - a wand of digging (7)
   (You took it off Ijyb on level 5 of the Dungeon)
 E - a wand of acid (18)
   (You found it on level 9 of the Dungeon)
 N - a wand of iceblast (10)
   (You found it on level 2 of the Lair of Beasts)
 V - a wand of scattershot (2)
   (You found it on level 4 of the Lair of Beasts)
Scrolls
 t - 2 scrolls of teleportation
 u - 7 scrolls of magic mapping
 z - a scroll of blinking
 A - 7 scrolls of remove curse
 C - 3 scrolls of enchant armour
 H - a scroll of immolation
 I - 2 scrolls of fog
 X - a scroll of vulnerability
Potions
 b - 4 potions of mutation
 d - a potion of might
 g - 3 potions of cancellation
 h - a potion of haste
 m - 4 potions of ambrosia
 n - a potion of resistance
 q - 12 potions of curing
 w - 5 potions of heal wounds
 F - a potion of invisibility
 J - 4 potions of brilliance
 M - 6 potions of magic
 O - 3 potions of stabbing
 R - 3 potions of flight
 T - 7 potions of lignification
Miscellaneous
 B - a lamp of fire
   (You found it on level 3 of the Lair of Beasts)
Comestibles
 e - 34 rations


   Skills:
 + Level 13.6 Fighting
 - Level 18.0 Axes
 + Level 15.8 Armour
 - Level 15.0 Shields
 - Level 12.0 Invocations


You had 16 spell levels left.
You didn't know any spells.
Your spell library was empty.

Dungeon Overview and Level Annotations

Branches:
Dungeon (11/15)            Temple (1/1) D:5            Lair (6/6) D:11
  Swamp (4/4) Lair:3        Snake (4/4) Lair:4        Slime (5/5) Lair:6
    Orc (0/2) D:10         Bailey (visited)           IceCv (visited)

Altars:
Ashenzari
Cheibriados
Elyvilon
Fedhas
Gozag
Hepliaklqana
Kikubaaqudgha
Makhleb
Nemelex Xobeh
Okawaru
Qazlal
Ru
Sif Muna
Uskayaw
Vehumet
Wu Jian
Xom
Yredelemnul
Zin
The Shining One
Jiyva

Shops:
D:7 (   D:10 *

Annotations:
D:10 exclusions: orange demon, rust devil and 2 more exclusions
Lair:4 3 runed translucent doors, exclusions: 2 doors and 1 more exclusion, Rooheesk's ghost, journeyman DDGl
Lair:5 exclusion: oklob plant
Slime:5 Royal Jelly


Innate Abilities, Weirdness & Mutations

You are resistant to damage.
You can heal yourself by infusing magical energy.
You resist negative energy. (rN+)
You passively map the area around you.
You do not regenerate.
You possess an exceptional clarity of mind.
Your magical capacity is low. (-10% MP)
You are somewhat resistant to further mutation.


Message History

The Royal Jelly hits you!
* * * LOW HITPOINT WARNING * * *
The acid corrodes you!
You are splashed with acid.
You resist.
* * * LOW HITPOINT WARNING * * *
The azure jelly hits your blizzard demon.
The azure jelly freezes your blizzard demon!
Your blizzard demon resists.
The azure jelly hits your blizzard demon but does no damage. x3
The azure jelly hits your balrug! The azure jelly freezes your balrug!!!
Your balrug is frozen!
The azure jelly hits your balrug!
Your balrug dies!
The acid blob hits you!
* * * LOW HITPOINT WARNING * * *
You are splashed with acid.
You resist.
The acid blob jiggles.
The acid blob spits acid at you. The splash of acid hits you. You resist.
You are splashed with acid!
You resist.
You die...

,, *#)$#|##.#}# * ,
,, [(##..##,, * , ,
,$#.##, , ,, , , *
#.J# ,* , , ,, . **
,##.# * , , , ,
...* *#J.# *#. , ,
, , ,
,...#####J#####...
, , ,
....#.JJJJ#.#.... ,
, .....JJ.2@J......
, ......JJJJJ......
,
,,.......JJ........
, ,
.................
,,
................. ,
, .................
, , ,
,.................
, ,
.................
,, ,
,.................
, ,


You could see the Royal Jelly (inner flame), 4 acid blobs, 6 azure jellies, 5
death oozes and a friendly blizzard demon.

Vanquished Creatures
  Vashnia (Snake:2)
  A tentacled monstrosity (Swamp:2)
  3 acid blobs
  2 tentacled starspawn
  Kirke (Swamp:1)
  A thorn hunter (Swamp:4)
  3 nagarajas
  2 azure jellies (Slime:2)
  A draconian monk (Abyss:1)
  Louise (Swamp:2)
  A very ugly thing (Swamp:4)
  4 great orbs of eyes
  17 hydras
  A shambling mangrove (Swamp:1)
  7 naga warriors
  6 anacondas
  5 catoblepae
  6 alligators
  A two-headed ogre (D:11)
  6 naga sharpshooters
  9 death yaks
  2 spriggan berserkers (Swamp:4)
  2 thrashing horrors (Abyss:2)
  8 large abominations
  2 shock serpents
  A salamander mystic (Snake:4)
  A wretched star (Abyss:2)
  An unseen horror (D:10)
  A naga ritualist (Snake:3)
  8 swamp dragons
  An orc knight (Bailey)
  A phantasmal warrior (Abyss:1)
  An iron dragon zombie (Abyss:2)
  6 mana vipers
  4 shining eyes
  2 manticores (Lair:6)
  A worldbinder (Abyss:2)
  A centaur zombie (D:10)
  5 salamanders
  17 black mambas
  15 naga magi
  2 ice statues (IceCv)
  4 guardian serpents
  2 torpor snails
  2 eyes of devastation
  15 spiny frogs
  2 smoke demons
  A gargoyle (D:11)
  A freezing wraith (Abyss:2)
  2 rime drakes (Lair:1)
  3 komodo dragons
  An ancient zyme (Abyss:2)
  4 ice devils (IceCv)
  A red devil (D:10)
  10 tyrant leeches
  3 hornets (Swamp:1)
  A polar bear (Lair:3)
  6 bog bodies
  8 hippogriffs
  Grinder (D:4)
  12 blink frogs
  4 dream sheep (Lair:6)
  21 slime creatures
  4 raiju
  6 starcursed masses (Abyss:2)
  A spriggan (D:7)
  29 yaks
  4 ynoxinuls (Abyss:2)
  A wyvern (D:9)
  3 shadows
  12 golden eyes
  14 vampire mosquitoes
  A chaos spawn (Abyss:3)
  3 hogs (Swamp:1)
  6 small abominations
  Menkaure (D:5)
  39 nagas
  3 water moccasins
  Duvessa (D:4)
  11 swamp worms
  11 porcupines
  13 swamp drakes
  3 eyes of draining
  2 sky beasts
  5 orc warriors
  5 phantoms
  5 black bears
  2 ice beasts
  3 ogres
  A necrophage (D:9)
  5 centaurs
  8 crocodiles
  2 big kobolds (D:6)
  Blork the orc (D:5)
  A gnoll sergeant (D:6)
  10 bullfrogs
  An earth elemental (Abyss:2)
  2 scorpions
  Dowan (D:4)
  14 killer bees
  12 wights
  5 electric eels
  A howler monkey (D:4)
  5 crimson imps
  A quasit (Abyss:1)
  2 jellies
  A bullfrog zombie (D:7)
  3 centaur skeletons
  4 hounds
  An iron imp (Abyss:2)
  6 orc priests
  8 orc wizards
  4 bullfrog skeletons
  4 iguanas
  Ijyb (D:5)
  6 worker ants
  Natasha (twice) (D:4)
  2 hound skeletons
  A worker ant zombie (D:9)
  16 gnolls
  2 howler monkey skeletons
  6 adders
  5 shadow imps
  11 white imps (IceCv)
  9 ufetubi
  An ooze (D:3)
  2 adder skeletons (D:6)
  A worm (D:3)
  A dart slug (D:1)
  A leopard gecko (D:7)
  40 orcs
  A bat (D:3)
  3 giant cockroaches
  6 goblins
  13 hobgoblins
  14 jackals
  4 quokkas
  A jackal skeleton (D:8)
  20 kobolds
  A leopard gecko skeleton (D:5)
  A leopard gecko zombie (D:6)
  4 rats
  6 briar patches (Swamp:4)
  4 fungi (D:11)
  3 plants
  3 starspawn tentacles
747 creatures vanquished.

Vanquished Creatures (collateral kills)
  An acid blob (Slime:5)
  3 nagarajas (Snake:4)
  3 hydras
  2 naga warriors (Snake:4)
  A death yak (Lair:3)
  A naga sharpshooter (Snake:4)
  A naga ritualist (Snake:4)
  2 naga magi (Snake:4)
  2 komodo dragons
  A slime creature (Slime:5)
  3 nagas (Snake:4)
  2 porcupines
  A plant (Lair:1)
23 creatures vanquished.

Vanquished Creatures (others)
  A thrashing horror (Abyss:1)
  A naga sharpshooter (Snake:2)
  A naga (Snake:2)
  2 white imps (IceCv)
  3 ufetubi (IceCv)
  An orc (D:5)
  4 fungi
  4 plants
  4 starspawn tentacles
21 creatures vanquished.

Grand Total: 791 creatures vanquished

Notes
Turn   | Place    | Note
-------+----------+-------------------------------------------
     0 | D:1      | Flugslaktarn the Deep Dwarf Fighter began the quest for the
                  | Orb.
     0 | D:1      | Reached XP level 1. HP: 20/20 MP: 1/1
    26 | D:1      | Reached XP level 2. HP: 21/27 MP: 2/2
   176 | D:3      | Found an iron altar of Okawaru.
   194 | D:3      | Reached XP level 3. HP: 29/34 MP: 3/3
   225 | D:3      | Reached skill level 3 in Axes
   293 | D:3      | Reached XP level 4. HP: 20/42 MP: 4/4
   387 | D:4      | Noticed Grinder
   394 | D:4      | Paralysed by Grinder for 3 turns
   406 | D:4      | Killed Grinder
   406 | D:4      | Reached skill level 4 in Axes
   406 | D:4      | Reached XP level 5. HP: 43/50 MP: 3/3
   406 | D:4      | Reached XP level 6. HP: 50/57 MP: 4/4
   426 | D:4      | Found a blossoming altar of Fedhas.
   474 | D:4      | Noticed Dowan
   475 | D:4      | Noticed Duvessa
   488 | D:4      | Killed Dowan
   488 | D:4      | Reached skill level 5 in Axes
   522 | D:4      | Killed Duvessa
   522 | D:4      | Reached XP level 7. HP: 53/64 MP: 5/5
   579 | D:4      | Reached skill level 5 in Armour
   579 | D:4      | Reached skill level 5 in Shields
   691 | D:4      | Found the +6 lightning scales {run, rElec}
   746 | D:4      | Noticed Natasha
   751 | D:4      | Killed Natasha
   844 | D:4      | Noticed Natasha
   850 | D:4      | Killed Natasha
   860 | D:5      | Entered Level 5 of the Dungeon
   864 | D:5      | Noticed Blork the orc
   877 | D:5      | Killed Blork the orc
   877 | D:5      | Reached skill level 6 in Axes
   953 | D:5      | Found a sacrificial altar of Ru.
   953 | D:5      | Found an opulent altar of Gozag.
  1028 | D:5      | Reached XP level 8. HP: 37/73 MP: 2/2
  1089 | D:5      | Found a staircase to the Ecumenical Temple.
  1126 | Temple   | Entered the Ecumenical Temple
  1183 | Temple   | Became a worshipper of Makhleb the Destroyer
  1402 | D:5      | Reached skill level 7 in Axes
  1434 | D:5      | Noticed Ijyb
  1434 | D:5      | Noticed Menkaure
  1437 | D:5      | Killed Ijyb
  1437 | D:5      | Reached skill level 1 in Invocations
  1441 | D:5      | Killed Menkaure
  1580 | D:5      | Reached skill level 5 in Fighting
  1732 | D:5      | Found a glowing silver altar of Zin.
  2032 | D:6      | Reached skill level 8 in Axes
  2139 | D:6      | Reached * piety under Makhleb
  2139 | D:6      | Gained mutation: You passively map the area around you.
                  | [Deep Dwarf growth]
  2139 | D:6      | Reached XP level 9. HP: 63/81 MP: 4/4
  2389 | D:6      | Found a basalt altar of Yredelemnul.
  2391 | D:6      | Noticed a profane servitor
  2425 | D:6      | Found a glowing golden altar of the Shining One.
  2427 | D:6      | Noticed an angel
  2652 | D:7      | Found a blossoming altar of Fedhas.
  2721 | D:7      | Reached skill level 9 in Axes
  2756 | D:7      | Found Sesuqergh's Antique Weapon Shop.
  3123 | D:8      | Reached ** piety under Makhleb
  3128 | D:8      | Reached skill level 5 in Invocations
  3474 | D:8      | Reached XP level 10. HP: 70/91 MP: 7/7
  3640 | D:8      | Reached skill level 10 in Axes
  4043 | D:9      | Found a hazy altar of Hepliaklqana.
  4069 | D:9      | Noticed an eight-headed hydra
  4268 | D:9      | Reached *** piety under Makhleb
  4334 | D:10     | Entered Level 10 of the Dungeon
  4588 | D:10     | Noticed an orange demon
  4591 | D:10     | Noticed a hell beast
  4600 | D:10     | Found a staircase to the Orcish Mines.
  4694 | D:10     | Noticed a rust devil
  4694 | D:10     | Found a basalt altar of Yredelemnul.
  4739 | D:10     | Reached **** piety under Makhleb
  4739 | D:10     | Reached skill level 11 in Axes
  4899 | D:10     | Found Egeoryip's Lightly-Used Armoury.
  5090 | D:10     | Killed an unseen horror
  5722 | D:11     | Reached XP level 11. HP: 83/100 MP: 8/8
  5750 | D:11     | Found a staircase to the Lair.
  5751 | D:11     | Noticed a two-headed ogre
  5770 | D:11     | Killed a two-headed ogre
  5850 | D:11     | Reached ***** piety under Makhleb
  5917 | D:11     | Found a flagged portal.
  5931 | Bailey   | Entered a bailey
  6019 | Bailey   | Noticed an orc knight
  6073 | Bailey   | Reached skill level 12 in Axes
  6086 | Bailey   | Killed an orc knight
  6619 | Lair:1   | Entered Level 1 of the Lair of Beasts
  6659 | Lair:1   | Found a frozen archway.
  6671 | IceCv    | Entered an ice cave
  6806 | IceCv    | Found the +2 hood of the Assassin {Detection Stab+ Stlth++}
  6932 | IceCv    | Noticed a reaper
  6982 | IceCv    | Identified a scroll of acquirement
  6984 | IceCv    | Identified the +1 scimitar "Killer Bee's Bane" {flame,
                  | rElec rC+ Str+5} (You acquired it in an ice cave)
  6984 | IceCv    | Identified the ring "Kuipollu" {Ice Dex+4 Stlth+} (You
                  | acquired it in an ice cave)
  7080 | Lair:1   | Noticed an eight-headed hydra
  7092 | Lair:1   | Killed a ten-headed hydra
  7704 | Lair:2   | Noticed a catoblepas
  7721 | Lair:2   | Killed a catoblepas
  7858 | Lair:2   | Reached skill level 13 in Axes
  7961 | Lair:2   | Reached XP level 12. HP: 93/112 MP: 6/6
  7962 | Lair:2   | Reached skill level 10 in Shields
  7964 | Lair:2   | Reached skill level 10 in Armour
  8127 | Lair:2   | Noticed a catoblepas
  8147 | Lair:2   | Killed a catoblepas
  8557 | Lair:3   | Noticed a six-headed hydra
  8568 | Lair:3   | Killed a six-headed hydra
  8584 | Lair:3   | Noticed a death yak
  8586 | Lair:3   | Noticed a death yak
  8587 | Lair:3   | Noticed a death yak
  8587 | Lair:3   | Noticed a death yak
  8594 | Lair:3   | Killed a death yak
  8609 | Lair:3   | Killed a death yak
  8614 | Lair:3   | Killed a death yak
  8616 | Lair:3   | Killed a death yak
  8968 | Lair:3   | Found a staircase to the Swamp.
  9061 | Lair:3   | Reached skill level 14 in Axes
  9348 | Lair:4   | Noticed a catoblepas
  9348 | Lair:4   | Noticed a catoblepas
  9484 | Lair:4   | Noticed a minotaur
  9484 | Lair:4   | Noticed Rooheesk's ghost (journeyman DDGl)
  9515 | Lair:4   | Noticed a six-headed hydra
  9564 | Lair:4   | Killed a 12-headed hydra
  9727 | Lair:4   | Found a staircase to the Snake Pit.
  9745 | Lair:4   | Found a runed translucent gate.
  9745 | Lair:4   | Found a runed translucent gate.
  9748 | Lair:4   | Found a runed translucent gate.
 10330 | Lair:5   | Gained mutation: You possess an exceptional clarity of
                  | mind. [potion of mutation]
 10330 | Lair:5   | Gained mutation: You are somewhat resistant to further
                  | mutation. [potion of mutation]
 10919 | Lair:6   | Entered Level 6 of the Lair of Beasts
 10937 | Lair:6   | Reached XP level 13. HP: 121/121 MP: 5/5
 11206 | Lair:6   | Reached skill level 15 in Axes
 11216 | Lair:6   | Reached ****** piety under Makhleb
 11249 | Lair:6   | Found a staircase to the Slime Pits.
 11423 | Lair:6   | Reached skill level 10 in Fighting
 11926 | Snake:1  | Entered Level 1 of the Snake Pit
 12024 | Snake:1  | Reached skill level 10 in Invocations
 12146 | Snake:2  | Noticed Vashnia
 12157 | Snake:2  | Noticed a nagaraja
 12181 | Snake:1  | Gained mutation: You resist negative energy. (rN+) [Deep
                  | Dwarf growth]
 12181 | Snake:1  | Reached XP level 14. HP: 57/132 MP: 10/10
 12245 | Snake:2  | Killed a nagaraja
 12294 | Snake:2  | Killed Vashnia
 12442 | Snake:3  | Reached skill level 16 in Axes
 12453 | Snake:4  | Entered Level 4 of the Snake Pit
 12703 | Snake:4  | Cast into level 1 of the Abyss (naga)
 12826 | Abyss:1  | Noticed a white draconian monk
 12857 | Abyss:1  | Killed a white draconian monk
 13031 | Abyss:1  | Noticed a lich
 13084 | Abyss:2  | Noticed a starcursed mass
 13166 | Snake:4  | Escaped the Abyss
 13180 | Snake:4  | Noticed a nagaraja
 13230 | Snake:4  | Reached XP level 15. HP: 70/140 MP: 10/10
 13310 | Snake:4  | Noticed a nagaraja
 13319 | Snake:4  | Killed a nagaraja
 13331 | Snake:4  | Reached skill level 17 in Axes
 13351 | Snake:4  | Noticed a nagaraja
 13352 | Snake:4  | Noticed a nagaraja
 13354 | Snake:4  | Noticed a nagaraja
 13360 | Snake:4  | Killed a nagaraja
 13366 | Snake:4  | Killed a nagaraja
 13371 | Snake:4  | Killed a nagaraja
 13421 | Snake:4  | Got a serpentine rune of Zot
 13623 | Snake:4  | Noticed a nagaraja
 13633 | Snake:4  | Killed a nagaraja
 13830 | Swamp:1  | Entered Level 1 of the Swamp
 13858 | Swamp:1  | Noticed Kirke
 13888 | Swamp:1  | Killed Kirke
 14001 | Swamp:2  | Noticed Louise
 14002 | Swamp:2  | Cast into level 2 of the Abyss (Louise)
 14142 | Abyss:2  | Noticed a tentacled starspawn
 14171 | Abyss:2  | Killed a tentacled starspawn
 14486 | Abyss:3  | Found a shattered altar of Ashenzari.
 14517 | Abyss:3  | Noticed a tentacled starspawn
 14531 | Abyss:3  | Killed a tentacled starspawn
 14531 | Abyss:3  | Reached skill level 18 in Axes
 14543 | Swamp:2  | Escaped the Abyss
 14575 | Swamp:2  | Killed Louise
 14590 | Swamp:2  | Noticed a tentacled monstrosity
 14607 | Swamp:2  | Killed a tentacled monstrosity
 14607 | Swamp:2  | Reached XP level 16. HP: 145/152 MP: 10/10
 14829 | Swamp:4  | Entered Level 4 of the Swamp
 15212 | Swamp:4  | Noticed a thorn hunter
 15244 | Swamp:4  | Killed a thorn hunter
 15300 | Swamp:4  | Got a decaying rune of Zot
 15599 | Slime:1  | Entered Level 1 of the Pits of Slime
 15634 | Slime:2  | Noticed an acid blob
 15640 | Slime:2  | Noticed an acid blob
 15643 | Slime:2  | Reached skill level 15 in Armour
 15646 | Slime:2  | Reached skill level 15 in Shields
 15648 | Slime:2  | Killed an acid blob
 15648 | Slime:2  | Killed an acid blob
 15720 | Slime:4  | Gained mutation: Your magical capacity is low. (-10% MP) [a
                  | shining eye]
 15734 | Slime:4  | Reached XP level 17. HP: 152/164 MP: 6/6
 15769 | Slime:5  | Entered Level 5 of the Pits of Slime
 15788 | Slime:5  | Noticed an acid blob
 15803 | Slime:5  | Killed an acid blob
 15807 | Slime:5  | Noticed an acid blob
 15808 | Slime:5  | Found a viscous altar of Jiyva.
 15808 | Slime:5  | Noticed an acid blob
 15809 | Slime:5  | Noticed an acid blob
 15809 | Slime:5  | Noticed the Royal Jelly
 15820 | Slime:5  | Killed an acid blob
 15822 | Slime:5  | Noticed an acid blob
 15826 | Slime:5  | Noticed an acid blob
 15827 | Slime:5  | Noticed an acid blob
 15828 | Slime:5  | Noticed an acid blob
 15828 | Slime:5  | HP: 2/164 [acid blob[the Royal Jelly] (8)]
 15828 | Slime:5  | Splashed by an acid blob's acid

Levels and vault maps discovered:
D:1:      dpeg_arrival_pits, layout_loops_ring
D:2:      layout_loops_corners
D:3:      cheibrodos_pilgrimage, layout_basic, nicolae_overflow_hidden_temple
D:4:      layout_rooms, nicolae_overflow_crystal_walls, serial_glass,
          glass_columns_a, glass_columns_b, nicolae_underground_beach,
          uniq_natasha, uniq_duvessa, uniq_grinder
D:5:      layout_cave_pools, marbit_many_paths, gammafunk_temple_overflow_wave,
          minmay_temple_entry_statues_fountains, first_ration, uniq_ijyb,
          uniq_menkaure, uniq_blork_the_orc
D:6:      cheibrodos_thug_alley, layout_loops_ring,
          grunt_temple_overflow_holy_war
D:7:      layout_basic, serial_shops, shop, the_bakery, fedhas_altar_2
D:8:      layout_gridville
D:9:      layout_long_grid, lemuel_crystal_altar
D:10:     layout_basic, orc_david_3, minivault_24, minmay_shop_damaged,
          lemuel_hellish_altar
D:11:     layout_gridville, due_lair_maze_entry_diamond, enter_bailey_3
Temple:   minmay_temple_bridge_abc
Lair:1:   layout_gridlike, portal_ice_cave_rime
Lair:2:   layout_hall_layers
Lair:3:   layout_small_grid, nicolae_swamp_entry_splash_gauntlet, ldierk_geyser,
          serial_bayou_ford_a, lemuel_fruit_fields
Lair:4:   nzn_motion_control, layout_regular_city,
          minmay_snake_entry_guardpost_small, maelrawn_ghost_gauntlet_escape,
          minmay_holes
Lair:5:   layout_regular_city, worms_lemuel, grunt_megastairs_3,
          lemuel_fruit_tree
Lair:6:   evilmike_catoblepas_cave, layout_cave_shapes, slime_dummy
Swamp:1:  layout_falls_marsh, nicolae_swamp_fairy_circle, swamp_pool2,
          nicolae_swamp_very_dense_foliage, uniq_kirke
Swamp:2:  layout_basic_swamp, evilmike_swamp_ruin_house_3,
          infiniplex_staircase_pool, uniq_nikola, uniq_louise, uniq_aizul
Swamp:3:  layout_basic_swamp, nicolae_swamp_round_clearing
Swamp:4:  swamp_basic_johnstein, layout_basic_swamp, swamp_pool1
Snake:1:  layout_layer_cave, serial_shops, shop, minmay_shop_grove
Snake:2:  layout_rooms, grunt_ministairs_1, minmay_shop_mayhem, uniq_vashnia,
          uniq_azrael
Snake:3:  layout_chambers, st_stairs_1, drop_trap
Snake:4:  minmay_snake_end_coiled, layout_grid_shapes,
          nicolae_snake_linked_coils, minmay_shop_star, uniq_saint_roka
Slime:1:  layout_caves
Slime:2:  layout_caves
Slime:3:  layout_caves, nicolae_slime_welcoming_committee
Slime:4:  layout_caves
Slime:5

Skill      XL: |  1  2  3  4  5  6  7  8  9 10 11 12 13 14 15 16 |
---------------+-------------------------------------------------+-----
Fighting       | 3 4 5 6 7 8 9 10 11 13 | 13.6
Axes           | 3 4 5 6 8 9 11 13 14 15 16 18 | 18.0
Armour         | 4 5 6 7 8 9 11 12 13 15 | 15.8
Shields        | 4 5 6 7 8 9 11 12 13 15 | 15.0
Invocations    | 3 5 6 11 12 | 12.0

Action                   |  1- 3 |  4- 6 |  7- 9 | 10-12 | 13-15 | 16-18 || total
-------------------------+-------+-------+-------+-------+-------+-------++-------
Melee: War axe           |    69 |    90 |   316 |       |       |       ||   475
       Hand axe          |       |       |    68 |   843 |   813 |       ||  1724
       Broad axe         |       |       |       |       |   361 |   590 ||   951
Throw: Throwing net      |       |       |       |       |       |     1 ||     1
Invok: Lesser Servant of |       |       |       |    10 |       |       ||    10
       Greater Servant o |       |       |       |       |     2 |     2 ||     4
 Abil: Heal Wounds       |     2 |     6 |    12 |    22 |    24 |     8 ||    74
Evoke: Wand              |       |       |       |     2 |       |       ||     2
  Use: Scroll            |       |       |     1 |    26 |     3 |     6 ||    36
       Potion            |       |       |       |     1 |     8 |     2 ||    11
 Stab: Distracted        |       |       |       |       |     2 |       ||     2
       Confused          |       |       |       |       |     1 |       ||     1
  Eat: Chunk             |       |       |     9 |    18 |     6 |     4 ||    37
       Ration            |       |       |       |     2 |     2 |     1 ||     5
Armor: Scale mail        |    30 |    32 |    74 |       |       |       ||   136
       Chain mail        |       |       |    98 |   186 |       |       ||   284
       Plate armour      |       |       |       |    98 |       |       ||    98
       Crystal plate arm |       |       |       |   168 |   658 |   916 ||  1742
Dodge: Dodged            |    16 |    20 |    70 |   172 |   106 |   203 ||   587
       Deflected         |     1 |     1 |     1 |    13 |    22 |     4 ||    42
Block: Kite shield       |    38 |    52 |   195 |   473 |   581 |   518 ||  1857

Table legend:
 A = Non-vault XP
 B = Vault XP
 C = Vault XP percentage of total XP
 D = Non-vault monster count
 E = Vault monster count
 F = Vault count percentage of total count
                 A         B        C        D         E       F
            +---------+---------+-------+---------+---------+-------
      Total |  147654 |   79207 |  34.9 |     533 |     223 |  29.5
            +---------+---------+-------+---------+---------+-------
        D:1 |      13 |       0 |   0.0 |       6 |       0 |   0.0
        D:2 |       1 |       0 |   0.0 |       1 |       0 |   0.0
        D:3 |      48 |      90 |  65.2 |      15 |       5 |  25.0
        D:4 |     297 |     523 |  63.8 |      17 |       4 |  19.0
        D:5 |     748 |     299 |  28.6 |      21 |       3 |  12.5
        D:6 |    1096 |     213 |  16.3 |      25 |      12 |  32.4
        D:7 |     945 |     220 |  18.9 |      15 |       1 |   6.2
        D:8 |    1683 |       0 |   0.0 |      23 |       0 |   0.0
        D:9 |     900 |       0 |   0.0 |      21 |       0 |   0.0
       D:10 |    3223 |     451 |  12.3 |      40 |       5 |  11.1
       D:11 |    1773 |    2195 |  55.3 |      22 |      14 |  38.9
     Lair:1 |    1113 |     722 |  39.3 |       5 |       2 |  28.6
     Lair:2 |    4072 |       0 |   0.0 |      15 |       0 |   0.0
     Lair:3 |    6351 |     473 |   6.9 |      20 |       3 |  13.0
     Lair:4 |    2322 |     440 |  15.9 |       8 |       3 |  27.3
     Lair:5 |    1550 |     867 |  35.9 |       5 |       4 |  44.4
     Lair:6 |   10141 |   11644 |  53.4 |      34 |      23 |  40.4
    Swamp:1 |    5024 |    2766 |  35.5 |      14 |       4 |  22.2
    Swamp:2 |   10510 |    1591 |  13.1 |      21 |       1 |   4.5
    Swamp:3 |    8554 |       0 |   0.0 |      22 |       0 |   0.0
    Swamp:4 |    6660 |   19643 |  74.7 |      16 |      26 |  61.9
    Snake:1 |    3912 |    1118 |  22.2 |       7 |       2 |  22.2
    Snake:2 |    7581 |    8472 |  52.8 |      14 |       6 |  30.0
    Snake:3 |    5730 |    1525 |  21.0 |      11 |       2 |  15.4
    Snake:4 |   16384 |   17529 |  51.7 |      34 |      43 |  55.8
    Slime:1 |    1024 |       0 |   0.0 |       4 |       0 |   0.0
    Slime:2 |   15104 |       0 |   0.0 |      21 |       0 |   0.0
    Slime:3 |     463 |       0 |   0.0 |       1 |       0 |   0.0
    Slime:4 |    6226 |       0 |   0.0 |      16 |       0 |   0.0
    Slime:5 |    1587 |    5131 |  76.4 |       2 |       3 |  60.0
    Abyss:1 |    4898 |       0 |   0.0 |      13 |       0 |   0.0
    Abyss:2 |   14156 |       0 |   0.0 |      36 |       0 |   0.0
    Abyss:3 |    3565 |       0 |   0.0 |       8 |       0 |   0.0
     Bailey |       0 |     876 | 100.0 |       0 |      34 | 100.0
      IceCv |       0 |    2419 | 100.0 |       0 |      23 | 100.0
            +---------+---------+-------+---------+---------+-------
